AoeStats
← Chiripa605

Lombardia

508661981Analyzed
4v4 RM · 8d ago on Sep 23, 2026· 42m 38s· 8 players
Game mode
Random Map
Map size
Large (8 player)
Population
200
Speed
Normal
Resources
Standard
Victory
Conquest
Starting age
Dark Age
Ending age
Imperial Age
RankedLock teamsTeams togetherTeam positionsShared explorationLock speedFull tech treeHidden civsTurbo modeCheats
Victory
Defeat
🇺🇸 Hindustanis · United States
1427
+14
🇨🇳 Mongols · China
1407
+15
🇩🇪 Vikings · Germany
1398
+16
🇻🇳 Magyars · Vietnam
1325
+19
🇨🇳 Saxons · China
1502
-21
🇭🇰 Danes · Hong Kong SAR China
1382
-16
🇭🇰 Varangians · Hong Kong SAR China
1346
-14
🇨🇳 Varangians · China
1324
-13
I_IFK
3:04 Loom
9:12 Feudal Age
9:43 Double-Bit Axe
15:34 Horse Collar
17:26 Fletching
21:19 Castle Age
19:42 Padded Archer Armor
21:27 Crossbowman
22:16 Thumb Ring
25:36 Gold Mining
25:56 Bodkin Arrow
26:58 Ballistics
27:40 Leather Archer Armor
29:38 Wheelbarrow
28:55 Town Watch
31:10 Husbandry
31:21 Bloodlines
37:25 Imperial Age
36:19 Hand Cart
36:16 Stone Mining
38:46 Conscription
38:11 Cranequins
39:11 Bracer
39:42 Elite Skirmisher
41:39 Ring Archer Armor
41:09 Scale Mail Armor
41:20 Forging
41:26 Forging
41:20 Scale Mail Armor
拿捏木村
11:02 Feudal Age
15:07 Castle Age
21:48 Town Watch
23:44 Wheelbarrow
23:40 Double-Bit Axe
24:32 Bow Saw
24:19 Horse Collar
26:00 Hand Cart
26:14 Scale Mail Armor
26:31 Loom
26:44 Arson
27:00 Squires
26:45 Gambesons
27:27 Chain Mail Armor
27:19 Heavy Plow
28:54 Gold Mining
32:33 Imperial Age
30:06 Stone Mining
32:43 Stone Shaft Mining
32:28 Forging
33:42 Elite Varangian Guard
34:53 Plate Mail Armor
34:51 Fletching
35:47 Crop Rotation
35:20 Padded Archer Armor
36:02 Caravan
37:01 Iron Casting
38:49 Town Patrol
39:14 Conscription
39:39 Fortified Wall
39:22 Guard Tower
40:47 Blast Furnace
BA DI
11:06 Feudal Age
11:56 Loom
15:01 Castle Age
13:03 Double-Bit Axe
14:09 Horse Collar
16:13 Bow Saw
25:19 Wheelbarrow
25:19 Gold Mining
30:11 Imperial Age
27:29 Town Watch
27:40 Stone Mining
28:52 Scale Barding Armor
30:20 Hand Cart
31:15 Chain Barding Armor
31:25 Conscription
32:13 Treadmill Crane
33:13 Plate Barding Armor
32:52 Forging
34:40 Elite Jarl
36:57 Iron Casting
36:54 Husbandry
37:04 Bloodlines
小鸡
4:58 Loom
10:59 Feudal Age
9:17 Loom
11:02 Feudal Age
15:20 Castle Age
13:42 Double-Bit Axe
17:31 Scale Mail Armor
17:43 Bow Saw
24:01 Wheelbarrow
23:16 Town Watch
23:44 Horse Collar
24:20 Gold Mining
25:46 Hand Cart
26:58 Heavy Plow
27:09 Forging
28:19 Forging
28:25 Chain Mail Armor
31:11 Imperial Age
29:13 Squires
28:59 Arson
29:00 Gambesons
29:53 Iron Casting
31:27 Caravan
32:12 Town Patrol
32:50 Plate Mail Armor
31:44 Elite Varangian Guard
33:04 Conscription
34:34 Shield Wall
35:35 Conscription
37:09 Two-Man Saw
36:22 Capped Ram
40:39 Siege Ram
Chiripa605
6:42 Loom
9:19 Feudal Age
9:47 Double-Bit Axe
12:19 Horse Collar
13:55 Wheelbarrow
19:35 Castle Age
18:39 Bloodlines
19:20 Scale Barding Armor
20:27 Bow Saw
23:20 Town Watch
25:46 Heavy Plow
27:17 Gold Mining
28:04 Husbandry
29:07 Hand Cart
33:00 Imperial Age
31:32 Chain Barding Armor
32:05 Forging
33:01 Heavy Camel Rider
34:34 Plate Barding Armor
35:15 Two-Man Saw
35:07 Conscription
34:47 Imperial Camel Rider
36:20 Iron Casting
37:03 Light Cavalry
38:49 Stone Mining
38:36 Hussar
40:27 Chemistry
43:56 Blast Furnace
Vàng Ai Nấy Đào
8:03 Loom
10:55 Feudal Age
16:45 Castle Age
14:50 Double-Bit Axe
14:56 Horse Collar
17:58 Bow Saw
21:03 Fletching
22:33 Wheelbarrow
22:09 Heavy Plow
23:25 Husbandry
25:51 Hand Cart
26:39 Bloodlines
26:29 Bodkin Arrow
27:23 Padded Archer Armor
27:55 Gold Mining
28:46 Fervor
29:58 Bloodlines
30:20 Leather Archer Armor
30:09 Stone Mining
32:17 Gold Shaft Mining
35:36 Imperial Age
33:52 Ballistics
35:31 Scale Barding Armor
35:52 Scale Mail Armor
35:53 Heavy Cavalry Archer
37:12 Recurve Bow
37:18 Bracer
37:45 Parthian Tactics
38:22 Chemistry
37:55 Ring Archer Armor
37:57 Thumb Ring
38:46 Conscription
39:02 Hoardings
39:11 Caravan
40:22 Hoardings
40:25 Light Cavalry
42:59 Two-Man Saw
42:30 Crop Rotation
42:39 Chain Barding Armor
43:33 Coinage
Skipper
7:29 Loom
10:37 Feudal Age
11:06 Double-Bit Axe
11:02 Horse Collar
11:45 Gold Mining
15:27 Fletching
23:10 Castle Age
21:34 Padded Archer Armor
23:29 Stone Mining
24:18 Bow Saw
24:10 Heavy Plow
28:50 Gold Shaft Mining
29:10 Elite Skirmisher
29:46 Bodkin Arrow
30:07 Leather Archer Armor
32:15 Forging
32:06 Scale Mail Armor
35:21 Imperial Age
34:08 Town Watch
35:54 Iron Casting
35:35 Chain Mail Armor
35:23 Town Patrol
35:05 Crossbowman
35:37 Arson
35:53 Squires
35:55 Arbalester
35:58 Elite Varangian Guard
37:14 Chieftains
37:44 Conscription
38:20 Man-at-Arms
40:03 Plate Mail Armor
40:41 Blast Furnace
39:07 Long Swordsman
39:57 Two-Handed Swordsman
40:42 Bracer
41:20 Caravan
43:03 Two-Man Saw
42:40 Crop Rotation
42:52 Ring Archer Armor
牛比无极限
5:42 Loom
8:03 Feudal Age
10:14 Double-Bit Axe
14:20 Horse Collar
19:28 Castle Age
19:21 Wheelbarrow
20:46 Bow Saw
20:40 Heavy Plow
24:23 Hand Cart
31:32 Imperial Age
29:35 Fletching
29:45 Padded Archer Armor
30:57 Ballistics
30:36 Bodkin Arrow
31:00 Gold Mining
31:03 Stone Mining
32:02 Leather Archer Armor
31:53 Caravan
32:44 Conscription
31:45 Elite Mangudai
33:38 Chemistry
32:49 Fortified Wall
33:10 Bloodlines
33:01 Husbandry
35:07 Bracer
35:58 Thumb Ring
36:19 Parthian Tactics
35:17 Light Cavalry
36:08 Scale Barding Armor
36:13 Forging
37:15 Hussar
38:38 Iron Casting
38:24 Chain Barding Armor
40:29 Blast Furnace
42:25 Town Watch
Connection lost

Rejoining the realm…

Still unreachable

The connection could not be restored.

Session expired

The server has moved on; the page needs a fresh start.